 Dungeon Crawl Stone Soup version 0.28.0-53-g5a82cb258f (webtiles) character file.

Game seed: 9179586500093174902

2528 CryoSword the Conjurer (level 9, -5/73 HPs)
             Began as a Pale Draconian Conjurer on June 2, 2022.
             Was an Initiate of Dithmenos.
             Shot with an arrow by a centaur warrior (18 damage)
             ... on level 8 of the Dungeon.
             The game lasted 00:10:52 (8065 turns).

CryoSword the Conjurer (Pale Draconian Conjurer)    Turns: 8065, Time: 00:10:52

Health: -5/73      AC: 11    Str: 12    XL:     9   Next: 29%
Magic:  8/15       EV: 13    Int: 19    God:    Dithmenos [......]
Gold:   484        SH:  0    Dex: 11    Spells: 14/17 levels left

rFire   . . .      SeeInvis .   i - +2 spear (vorpal)
rCold   . . .      Faith    .   (no shield)
rNeg    . . .      Spirit   .   (armour unavailable)
rPois   .          Reflect  .   (helmet restricted)
rElec   .          Harm     .   b - +1 cloak
rCorr   .          Rampage  .   D - +1 pair of gloves
Will    .....                   (no boots)
Stlth   ++........              (no amulet)
HPRegen 0.22/turn               (no ring)
MPRegen 0.14/turn               (no ring)

@: no status effects
A: breathe steam, AC +7, unfitting armour, cold-blooded, steam resistance
a: Breathe Steam, Renounce Religion


You were on level 8 of the Dungeon.
You worshipped Dithmenos.
Dithmenos was noncommittal.
You visited 2 branches of the dungeon, and saw 9 of its levels.

You collected 484 gold pieces.

Inventory:

Hand Weapons
 i - a +2 vorpal spear (weapon)
   (You took it off a gnoll on level 2 of the Dungeon)
Missiles
 g - 2 throwing nets (quivered)
 w - a boomerang
 B - 10 poisoned darts
Armour
 b - a +1 cloak (worn)
   (You found it on level 1 of the Dungeon)
 D - a +1 pair of gloves (worn)
   (You found it on level 7 of the Dungeon)
Magical Staves
 z - a staff of air
   (You found it on level 6 of the Dungeon)
 A - a staff of fire
   (You found it on level 6 of the Dungeon)
Wands
 v - a wand of iceblast (12)
   (You found it on level 5 of the Dungeon)
 y - a wand of flame (10)
   (You found it on level 6 of the Dungeon)
 G - a wand of acid (8)
   (You found it on level 8 of the Dungeon)
Scrolls
 a - a scroll of torment {unknown}
 f - a scroll of teleportation {unknown}
 k - a scroll of fog {unknown}
 n - a scroll of brand weapon {unknown}
 o - a scroll of blinking
 p - 3 scrolls of identify {unknown}
 q - a scroll of magic mapping {unknown}
 t - a scroll of holy word {unknown}
 C - 3 scrolls of summoning {unknown}
 F - a scroll of enchant weapon {unknown}
Potions
 c - a potion of degeneration {unknown}
 d - 6 potions of brilliance {unknown}
 e - a potion of experience {unknown}
 h - a potion of lignification {unknown}
 j - 4 potions of heal wounds {unknown}
 l - 2 potions of haste {unknown}
 m - 2 potions of ambrosia {unknown}
 r - a potion of cancellation {unknown}
 s - a potion of magic {unknown}
 u - a potion of curing {unknown}
 x - 3 potions of mutation {unknown}
 E - 2 potions of flight {unknown}


   Skills:
 + Level 4.8 Fighting
 * Level 5.5 Polearms
 + Level 4.5 Dodging
 + Level 3.8 Stealth
 + Level 4.6 Spellcasting
 * Level 7.9 Conjurations
 - Level 1.0 Fire Magic
 - Level 1.0 Air Magic


You had 14 spell levels left.
You knew the following spells:

 Your Spells              Type           Power      Damage    Failure   Level
a - Magic Dart            Conj           100%       1d8       1%          1
b - Searing Ray           Conj           68%        2d6       1%          2

Your spell library contained the following spells:

 Spells                   Type           Power      Damage    Failure   Level
 Dazzling Flash           Conj/Hex       38%        N/A       8%          3
 Animate Skeleton         Necr           8%         N/A       13%         1
 Pain                     Necr           16%        1d4       13%         1
 Sting                    Tmut/Pois      16%        1d3       13%         1
 Summon Small Mammal      Summ           16%        N/A       13%         1
 Poisonous Vapours        Pois/Air       12%        N/A       16%         2
 Sublimation of Blood     Necr           4%         N/A       21%         2
 Fulminant Prism          Conj/Hex       9%         3d7       26%         4
 Iskenderun's Mystic Bla  Conj/Tloc      19%        2d6       26%         4
 Call Canine Familiar     Summ           4%         N/A       36%         3
 Irradiate                Conj/Tmut      9%         3d17      56%         5
 Petrify                  Tmut/Erth      4%         N/A       78%         4
 Silence                  Hex/Air        3%         N/A       96%         5
 Blade Hands              Tmut           2%         N/A       98%         5
 Summon Cactus Giant      Summ           2%         N/A       100%        6
 Haunt                    Necr/Summ      2%         N/A       100%        7
 Summon Horrible Things   Summ           2%         N/A       100%        8


Dungeon Overview and Level Annotations

Branches:
Dungeon (8/15)             Temple (1/1) D:7
   Lair: D:8-11

Altars:
Ashenzari
Cheibriados
Dithmenos
Elyvilon
Fedhas
Gozag
Hepliaklqana
Kikubaaqudgha
Makhleb
Nemelex Xobeh
Okawaru
Qazlal
Ru
Uskayaw
Wu Jian
Xom
Yredelemnul
Zin
The Shining One

Shops:
D:1 =


Innate Abilities, Weirdness & Mutations

You can breathe blasts of scalding, opaque steam.
Your pale cyan-grey scales are hard. (AC +7)
You cannot fit into any form of body armour.
You are cold-blooded and may be slowed by cold attacks.
You are immune to the effects of steam.


Message History

(Press . to maintain the ray.)
The orc shouts!
An orc comes into view. It is wielding a +0 mace.
The orc priest miscasts a cantrip.
The searing ray hits the orc priest!
You kill the orc priest!
Dithmenos accepts your kill.
The orc shouts!
You hit the orc.
You kill the orc!
Dithmenos accepts your kill.
Found a short sword.
Things that are here:
a +0 dagger; an orc corpse You hit the orc.
You kill the orc!
Dithmenos accepts your kill.
You reach to attack!
You hit the orc. You hit the orc.
Your tail-slap misses the orc.
The orc hits you with a +0 mace.
You hit the orc.
You kill the orc!
Dithmenos accepts your kill.
No target in view!
No target in view!
Things that are here:
a +0 mace; an orc corpse
Things that are here:
a +0 club; a +0 ring mail; an orc corpse
Things that are here:
a +0 hand axe; an orc corpse
Things that are here:
a +0 whip; an orc corpse A vampire mosquito comes into view.
A vampire mosquito is nearby!
A vampire mosquito is nearby!
A vampire mosquito is nearby!
An orc comes into view. It is wielding a +0 club.
You reach to attack!
You puncture the vampire mosquito!
The orc shouts!
You hear two shouts!
A centaur warrior comes into view.
The vampire mosquito closely misses you.
You miss the vampire mosquito.
The centaur warrior shouts!
Your tail-slap misses the vampire mosquito.
The vampire mosquito barely misses you.
You barely miss the vampire mosquito. The vampire mosquito bites you.
The vampire mosquito draws strength from your injuries!
A centaur warrior comes into view.
The vampire mosquito bites you but does no damage.
Aim: a vampire mosquito (moderately damaged, 68% to hit)
The searing ray hits the vampire mosquito! (Press . to maintain the ray.)
The centaur warrior shouts!
The vampire mosquito barely misses you.
An orc comes into view. It is wielding a +0 flail.
The searing ray hits the vampire mosquito.
The searing ray hits the centaur warrior.
The vampire mosquito closely misses you. x2
The searing ray misses the vampire mosquito.
The searing ray hits the centaur warrior!
The searing ray hits the centaur warrior.
The vampire mosquito bites you.
The vampire mosquito draws strength from your injuries!
The vampire mosquito misses you.
Restarting spell: Searing Ray (safe; 1% risk of failure)
Aim: a vampire mosquito (severely damaged, 68% to hit)
Okay, then.
Aim: a vampire mosquito (severely damaged, 53% to hit)
You exhale a blast of scalding steam.
The ball of steam misses the vampire mosquito.
The ball of steam hits the centaur warrior.
Dithmenos accepts your kill.
You feel a bit more experienced.
The vampire mosquito is engulfed in a cloud of scalding steam.
The vampire mosquito barely misses you.
The vampire mosquito is engulfed in a cloud of scalding steam.
The vampire mosquito misses you.
The centaur warrior is engulfed in a cloud of scalding steam.
Aim: a centaur warrior, quivering arrows (lightly wounded, 86% to hit)
The searing ray misses the vampire mosquito.
The searing ray hits the centaur warrior. x2 (Press . to maintain the ray.)
The vampire mosquito is engulfed in a cloud of scalding steam.
You destroy the vampire mosquito!
Dithmenos accepts your kill.
The centaur warrior wields a +0 shortbow.
The centaur warrior shoots an arrow.
The arrow completely misses you.
You hear an angry buzzing noise.
The searing ray hits the centaur warrior!
You hear a shout!
The centaur warrior shoots an arrow.
The arrow hits you.
The centaur warrior shoots an arrow.
The arrow hits you!
The searing ray hits the centaur warrior.
A killer bee comes into view.
The searing ray hits the centaur warrior.
The searing ray hits the centaur warrior!
You finish channelling your searing ray.
You have got your breath back.
The centaur warrior unwields a +0 shortbow.
The centaur warrior barely misses you.
The centaur warrior kicks you but does no damage.
The killer bee is engulfed in a cloud of scalding steam.
You kill the killer bee!
Dithmenos accepts your kill.
You hit the centaur warrior but do no damage.
The centaur warrior hits you.
The centaur warrior kicks you but does no damage.
You hit the centaur warrior.
The centaur warrior hits you but does no damage.
The centaur warrior barely misses you.
A two-headed ogre comes into view. It is wielding two +0 giant clubs.
Aim: a centaur warrior, quivering arrows (moderately wounded, 86% to hit)
Okay, then.
You hit the centaur warrior. The centaur warrior barely misses you.
The centaur warrior kicks you but does no damage.
The centaur warrior hits you.
The centaur warrior kicks you but does no damage.
You hit the centaur warrior but do no damage.
The centaur warrior hits you but does no damage.
The centaur warrior barely misses you.
The centaur warrior hits you but does no damage.
The centaur warrior kicks you but does no damage.
The centaur warrior hits you but does no damage.
The centaur warrior kicks you but does no damage.
You hit the centaur warrior but do no damage.
The centaur warrior hits you but does no damage.
The centaur warrior misses you. The centaur warrior closely misses you.
The centaur warrior kicks you but does no damage.
You hit the centaur warrior. The centaur warrior misses you.
The centaur warrior closely misses you. The centaur warrior misses you.
The centaur warrior kicks you. The centaur warrior hits you!
The centaur warrior kicks you but does no damage.
You hit the centaur warrior but do no damage.
You tail-slap the centaur warrior, but do no damage.
The centaur warrior hits you!
* * * LOW HITPOINT WARNING * * *
The centaur warrior kicks you but does no damage.
The centaur warrior hits you!
* * * LOW HITPOINT WARNING * * *
The centaur warrior kicks you but does no damage.
The centaur warrior wields a +0 shortbow.
The centaur warrior shoots an arrow.
The arrow misses you.
The centaur warrior shoots an arrow.
The arrow hits you!
* * * LOW HITPOINT WARNING * * *
The centaur warrior wields a +0 shortbow.
The centaur warrior shoots an arrow.
The arrow closely misses you.
The centaur warrior shoots an arrow.
The arrow closely misses you.
The centaur warrior shoots an arrow.
The arrow hits you!!
You die...

#. .# ... .. #.###
#)### .# ...#.†⌠..#
#.# ##..#.....# #.#
#.c..⌠.⌠.⌠.
####.#####.#O#
#.......##.c.#
#..)....##.#?#
#####)......##@#...
#...)).........#####
#.###.).....##.# #.#
#.......##.# #.#
#.).....##.# #.#
####.#####.# ###.#
#.# #.# #...# #.#
#.# #.### #.# #.#


You could see 2 centaur warriors and a two-headed ogre.

Vanquished Creatures
  Eustachio (D:6)
  A vampire mosquito (D:8)
  2 sky beasts (D:6)
  3 ice beasts
  A necrophage (D:4)
  An ogre (D:5)
  A centaur (D:8)
  A phantom (D:2)
  A bullfrog (D:7)
  2 scorpions
  A water moccasin zombie (D:6)
  A killer bee (D:8)
  11 wights
  A howler monkey (D:7)
  2 centaur zombies (D:6)
  An orc priest (D:8)
  2 bullfrog skeletons
  A gnoll shaman (D:6)
  4 orc wizards
  Terence (D:2)
  A scorpion zombie (D:5)
  3 iguanas
  A killer bee zombie (D:7)
  A howler monkey zombie (D:5)
  13 gnolls
  6 adders
  4 ufetubi
  4 worms
  A dart slug (D:2)
  17 orcs
  7 ball pythons
  A bat zombie (D:4)
  4 endoplasms
  A giant cockroach (D:1)
  4 goblins
  6 hobgoblins
  3 jackals (D:2)
  5 quokkas
  2 bats (D:1)
  7 frilled lizards
  9 kobolds
  8 rats
  2 rat zombies (D:4)
149 creatures vanquished.

Vanquished Creatures (others)
  A hornet zombie (D:5)
  An orc priest (D:5)
  An orc (D:5)
  6 plants (D:2)
9 creatures vanquished.

Grand Total: 158 creatures vanquished

Notes
Turn   | Place    | Note
-------+----------+-------------------------------------------
     0 | D:1      | CryoSword the Draconian Conjurer began the quest for the
                  | Orb.
     0 | D:1      | Reached XP level 1. HP: 14/14 MP: 3/3
    28 | D:1      | Found Efuyl's Jewellery Shop.
   546 | D:1      | Reached XP level 2. HP: 22/22 MP: 0/5
  1063 | D:1      | Reached skill level 1 in Fighting
  1392 | D:2      | Found a stormy altar of Qazlal.
  1424 | D:2      | Learned a level 2 spell: Searing Ray
  1498 | D:2      | Reached XP level 3. HP: 28/28 MP: 2/6
  1679 | D:2      | Found a faded altar of an unknown god.
  1832 | D:2      | Noticed a phantom
  1843 | D:2      | Killed a phantom
  1844 | D:2      | Reached skill level 5 in Conjurations
  1844 | D:2      | Reached XP level 4. HP: 29/36 MP: 1/8
  2031 | D:2      | Reached XP level 5. HP: 35/41 MP: 4/9
  2651 | D:2      | Noticed Terence
  2670 | D:2      | Killed Terence
  3111 | D:3      | Got Ebbaw's Compendium of Creation
  3261 | D:3      | Found a burning altar of Makhleb.
  3491 | D:4      | Got Liggefei's Collected Works on Moulding and Feathers
  3596 | D:4      | Noticed a +0 dagger
  3607 | D:4      | Found a hide-covered altar of Uskayaw.
  3608 | D:4      | Noticed a +0 short sword
  3609 | D:4      | Noticed a +0 short sword
  3610 | D:4      | Noticed a +0 dagger
  3610 | D:4      | Noticed a +0 falchion
  3611 | D:4      | Noticed a +0 falchion
  3612 | D:4      | Noticed a +0 spear
  3612 | D:4      | Noticed a +0 spear
  3965 | D:4      | Found an ancient bone altar of Kikubaaqudgha.
  4199 | D:4      | Noticed a necrophage
  4205 | D:4      | Killed a necrophage
  4206 | D:4      | Reached skill level 1 in Polearms
  4206 | D:4      | Reached XP level 6. HP: 43/50 MP: 1/10
  4278 | D:4      | Found an ornate altar of the Wu Jian Council.
  4349 | D:5      | Entered Level 5 of the Dungeon
  4828 | D:5      | Found an opulent altar of Gozag.
  5108 | D:5      | Reached skill level 6 in Conjurations
  5108 | D:5      | Your scales start taking on a pale cyan-grey colour.
  5108 | D:5      | Reached XP level 7. HP: 57/57 MP: 5/12
  5108 | D:5      | Gained mutation: You are immune to the effects of steam.
                  | [Pale Draconian growth]
  5678 | D:6      | Noticed Eustachio
  5696 | D:6      | Killed Eustachio
  5697 | D:6      | Reached skill level 1 in Fire Magic
  5697 | D:6      | Reached skill level 1 in Air Magic
  5912 | D:6      | Reached XP level 8. HP: 63/66 MP: 5/13
  6273 | D:6      | Reached skill level 7 in Conjurations
  6781 | D:7      | Found a staircase to the Ecumenical Temple.
  6820 | Temple   | Entered the Ecumenical Temple
  6969 | Temple   | Became a worshipper of Dithmenos the Shadowed
  7019 | D:7      | Reached skill level 5 in Polearms
  7116 | D:7      | Found a hazy altar of Hepliaklqana.
  7119 | D:7      | Found a glowing golden altar of the Shining One.
  7173 | D:7      | Got Fanaq's Collected Works on Sinister Arts
  7284 | D:7      | Found a sacrificial altar of Ru.
  7292 | D:7      | Reached XP level 9. HP: 71/72 MP: 12/15
  8045 | D:8      | Noticed a centaur warrior
  8047 | D:8      | Noticed a centaur warrior
  8057 | D:8      | Noticed a two-headed ogre
  8065 | D:8      | Shot with an arrow by a centaur warrior

Illustrated notes

Levels and vault maps discovered:
D:1:      lemuel_arrival_funnel, layout_basic, serial_shops, shop,
          supply_closet_lemuel
D:2:      wad_lake_hut, layout_loops_cross, shapermc_ecumenical_altar_acropolis,
          basic_altar, uniq_terence
D:3:      layout_rooms, bloody_makhleb
D:4:      layout_loops_ring, lemuel_zombie_altar_kikubaaqudgha,
          marbit_many_paths, nicolae_uskayaw_en_pointe
D:5:      layout_basic, nicolae_gozag_cash_rules_everything_around_me,
          lemuel_flamethrower_2
D:6:      layout_basic, uniq_eustachio
D:7:      wad_pebble_path, layout_basic, nicolae_ru_sacrificial_ziggurat,
          nicolae_overflow_squiral, minmay_temple_entry_trees,
          hangedman_abyss_or_decor_stagger
D:8:      layout_loops_ring, minmay_chambers_of_fives
Temple:   cyrus_temple_forest

Skill      XL: |  1  2  3  4  5  6  7  8 |
---------------+-------------------------+-----
Dodging        | 2 3 4 |  4.5
Fighting       | 1 2 3 4 |  4.8
Conjurations   | 5 6 7 |  7.9
Spellcasting   | 3 4 |  4.6
Polearms       | 1 2 3 5 |  5.5
Stealth        | 2 3 |  3.8
Fire Magic     | 1 |  1.0
Air Magic      | 1 |  1.0

Action                   |  1- 3 |  4- 6 |  7- 9 || total
-------------------------+-------+-------+-------++-------
Melee: Unarmed           |    11 |       |       ||    11
       Tailslap          |     5 |     8 |    12 ||    25
       Short sword       |    15 |       |       ||    15
       Spear             |       |    73 |    95 ||   168
       Punch             |       |     1 |     1 ||     2
 Cast: Magic Dart        |    38 |     1 |       ||    39
       Searing Ray       |     7 |    32 |    30 ||    69
 Abil: Breathe Steam     |       |       |    14 ||    14
  Use: Scroll            |       |     2 |       ||     2
 Stab: Sleeping          |     1 |     2 |     4 ||     7
Armor: Skin              |     6 |    31 |    60 ||    97
Dodge: Dodged            |    28 |    55 |    84 ||   167
